Map: Apotheosis LE

Players

GhostRider

  • Race: Zerg Zerg
  • League: Platinum
  • Spawn Location: 11:00

Fropez - Winner!

  • Race: Protoss Protoss
  • League: Gold
  • Spawn Location: 5:00

VOD

Have the link to the VOD?

Description

Time

  • Played on: Nov. 7, 2016, 2:49 p.m.
  • Length: 12:18
Show
View Real Time Build Order
Export as new Build Order

GhostRider Zerg 

Build Orders: Hatch First 

Get SALT Encoding   

  12  0:01  Drone  
  13  0:15  Drone  
  13  0:16  Overlord  
  14  0:35  Drone x2  
  16  0:37  Drone  
  17  0:58  Drone  
  17  0:59  Hatchery  
  17  1:03  Extractor  
  16  1:06  Drone  
  17  1:20  Spawning Pool  
  16  1:28  Drone  
  16  1:29  Drone  
  18  1:33  Drone  
  19  1:42  Drone  
  20  1:51  Evolution Chamber  
  20  1:54  Drone  
  20  2:09  Hatchery  
  19  2:17  Queen  
  21  2:29  Queen  
  23  2:43  Drone x2  
  25  2:50  Zerg Melee Weapons Level 1  
  25  2:53  Zergling x2  
  26  3:01  Overlord  
  26  3:03  Drone  
  27  3:15  Drone  
  27  3:18  Overlord  
  27  3:19  Overlord x2  
  29  3:34  Zergling x8  
  29  3:35  Zergling x4  
  29  3:36  Zergling x2  
  29  3:38  Zergling x2  
  36  3:49  Queen  
  36  3:51  Drone x3  
  36  3:54  Drone  
  42  3:58  Metabolic Boost  
  42  4:06  Evolution Chamber  
  42  4:07  Drone x2  
  42  4:08  Drone  
  44  4:11  Drone  
  44  4:15  Drone x2  
  47  4:18  Drone  
  47  4:19  Drone  
  49  4:25  Drone  
  49  4:26  Drone x3  
  53  4:36  Zergling x6  
  53  4:37  Zergling x6  
  59  4:41  Drone  
  59  4:42  Drone  
  58  5:05  Drone x3  
  58  5:06  Drone x6  
  66  5:20  Extractor  
  65  5:23  Zerg Ground Armor Level 1  
  65  5:24  Zerg Missile Weapons Level 1  
  65  5:25  Extractor  
  64  5:38  Baneling Nest  
  63  5:47  Zergling x6  
  63  5:48  Overlord  
  63  5:49  Overlord x6  
  66  5:50  Overlord x5  
  66  6:01  Overlord  
  66  6:03  Overlord  
  66  6:09  Hatchery  
  65  6:18  Hatchery  
  64  6:31  Zergling x2  
  64  6:32  Zergling x12  
  71  6:33  Zergling x4  
  71  6:34  Queen x2  
  71  6:35  Queen  
  79  6:44  Zergling x2  
  79  6:45  Zergling x14  
  79  6:46  Zergling x2  
  88  6:54  Baneling x4  
  88  6:55  Baneling x17  
  88  7:11  Lair  
  74  7:38  Zergling x2  
  74  7:39  Zergling x40  
  95  7:52  Queen  
  97  8:00  Zergling x20  
  107  8:07  Baneling  
  107  8:08  Baneling x10  
  107  8:09  Baneling x6  
  107  8:14  Centrifical Hooks  
  107  8:16  Zerg Melee Weapons Level 2  
  107  8:28  Queen  
  74  9:10  Zergling x26  
  74  9:11  Zergling x28  
  87  9:29  Zergling x2  
  87  9:30  Zergling x14  
  92  9:43  Zergling x8  
  92  9:44  Zergling x2  
  97  9:58  Queen x4  
  97  9:59  Queen  
  102  10:10  Zergling x2  
  102  10:11  Zergling x26  
  90  10:33  Queen  
  89  10:37  Zergling x24  
  89  10:38  Zergling x6  
  93  10:55  Overseer  
  85  10:58  Overseer  
  83  11:08  Overseer  
  83  11:10  Overseer  
  81  11:14  Zergling x14  
  77  11:38  Zergling x8  
Show
View Real Time Build Order
Export as new Build Order

Fropez Protoss - Winner!

Build Orders:  

Get SALT Encoding   

  12  0:03  Probe (Chrono Boost)  
  13  0:15  Pylon  
  13  0:17  Probe (Chrono Boost)  
  14  0:28  Probe (Chrono Boost)  
  15  0:35  Gateway  
  15  0:39  Probe (Chrono Boost)  
  16  0:47  Assimilator  
  17  0:50  Probe (Chrono Boost)  
  17  1:00  Probe (Chrono Boost)  
  18  1:04  Gateway  
  18  1:11  Probe (Chrono Boost)  
  19  1:17  Pylon  
  19  1:21  Probe (Chrono Boost)  
  20  1:32  Probe (Chrono Boost)  
  21  1:43  Probe (Chrono Boost)  
  22  1:49  Nexus  
  21  2:00  Gateway  
  21  2:08  Gateway  
  21  2:19  Gateway  
  21  2:28  Pylon  
  21  2:31  Assimilator  
  21  2:38  Cybernetics Core  
  21  2:42  Probe (Chrono Boost)  
  22  2:49  Zealot  
  24  2:52  Probe (Chrono Boost)  
  25  3:04  Probe (Chrono Boost)  
  26  3:06  Probe (Chrono Boost)  
  27  3:17  Probe (Chrono Boost), Mothership Core (Chrono Boost)  
  27  3:19  Warp Gate (Chrono Boost)  
  30  3:20  Adept  
  30  3:26  Adept  
  34  3:31  Adept  
  38  3:36  Probe (Chrono Boost)  
  37  3:41  Adept  
  39  3:52  Twilight Council  
  39  3:56  Probe (Chrono Boost)  
  39  3:57  Probe (Chrono Boost)  
  39  4:01  Pylon  
  41  4:06  Probe (Chrono Boost), Assimilator  
  42  4:20  Robotics Facility  
  42  4:23  Assimilator  
  42  4:28  Resonating Glaives  
  42  4:32  Gateway  
  42  4:37  Pylon  
  42  4:43  Probe  
  42  4:45  Dark Shrine  
  43  4:50  Pylon, Probe  
  44  5:11  Immortal  
  44  5:12  Probe  
  48  5:15  Probe  
  50  5:24  Pylon  
  50  5:28  Probe  
  50  5:32  Probe  
  52  5:35  Forge  
  52  5:39  Probe  
  53  5:44  Probe, Robotics Facility  
  54  5:50  Immortal  
  58  5:59  Pylon  
  58  6:05  Pylon  
  58  6:08  Pylon  
  58  6:11  Pylon  
  58  6:12  Probe  
  58  6:15  Probe  
  60  6:28  Charge  
  60  6:30  Protoss Ground Weapons Level 1 (Chrono Boost)  
  60  6:34  Immortal  
  64  6:44  Immortal  
  64  6:46  Probe  
  68  6:48  Probe  
  70  6:57  Probe  
  71  7:13  Warp Prism  
  69  7:29  Zealot  
  67  7:30  Zealot x2  
  67  7:31  Zealot x2  
  65  7:50  Gateway  
  65  7:53  Gateway  
  65  7:54  Gateway  
  65  8:09  Adept x4  
  65  8:10  Probe  
  65  8:11  Nexus  
  74  8:14  Pylon  
  74  8:18  Pylon  
  74  8:20  Immortal  
  74  8:21  Probe  
  74  8:22  Pylon  
  74  8:24  Probe  
  80  8:36  Adept x2  
  80  8:37  Adept  
  80  8:38  Adept x2  
  74  9:02  Dark Templar x2  
  76  9:03  Dark Templar  
  80  9:15  Dark Templar  
  80  9:16  Dark Templar  
  81  9:18  Probe  
  81  9:20  Probe  
  83  9:40  Probe  
  83  9:42  Probe  
  85  9:51  Probe  
  76  10:14  Nexus  
  76  10:17  Pylon  
  76  10:20  Assimilator  
  72  10:22  Assimilator  
  72  10:24  Pylon  
  72  10:28  Pylon  
  58  10:37  Dark Templar x5  
  68  11:05  Probe  
  68  11:06  Probe  
  68  11:10  Adept x3  
  75  11:11  Adept  
  75  11:12  Adept  
  75  11:15  Probe  
  73  11:23  Gateway  
  73  11:24  Gateway  
  73  11:27  Gateway  
  73  11:28  Gateway  
  73  11:29  Gateway x2  
  73  11:34  Gateway  
  73  11:40  Gateway  
  73  11:50  Dark Templar x3  
Tags
 
Matchup
PvZ
Replay Pack
All Mines
Spawn Locations
Cross Positions
Add a new tag
Caveats
  • Supply blocks, unpowered buildings, or Contaminate may cause inaccurate times.
  • Supply counts are checked every 10 seconds.